AoeStats
← tomischmidd

MegaRandom

505600989Analyzed
2v2 RM · 21d ago on Sep 10, 2026· 66m 55s· 4 players
Game mode
Random Map
Map size
Medium (4 player)
Population
200
Speed
Normal
Resources
Standard
Victory
Conquest
Starting age
Dark Age
Ending age
Imperial Age
RankedLock teamsTeams togetherTeam positionsShared explorationLock speedFull tech treeHidden civsTurbo modeCheats
Victory
Defeat
🇦🇷 Huns · Argentina
486
+16
🇦🇷 Vietnamese · Argentina
484
+16
🇺🇸 Britons · United States
524
-17
🇮🇩 Maya · Indonesia
456
-15
Vikingo7256
0:43 Loom
13:28 Feudal Age
14:08 Double-Bit Axe
14:06 Horse Collar
15:24 Town Watch
16:15 Wheelbarrow
15:35 Gold Mining
23:22 Castle Age
23:23 Stone Mining
24:49 Bow Saw
25:39 Hand Cart
30:25 Marauders
30:42 Town Patrol
32:04 Heavy Plow
35:27 Scale Barding Armor
35:33 Forging
41:24 Imperial Age
42:29 Iron Casting
42:15 Chain Barding Armor
43:06 Two-Man Saw
44:39 Blast Furnace
44:13 Husbandry
44:29 Bloodlines
45:49 Gold Shaft Mining
47:00 Elite Tarkan
48:04 Conscription
48:13 Caravan
48:26 Guilds
48:48 Coinage
51:42 Plate Barding Armor
50:59 Fletching
51:26 Masonry
51:16 Murder Holes
52:26 Chemistry
53:43 Capped Ram
55:33 Bodkin Arrow
55:39 Padded Archer Armor
55:40 Scale Mail Armor
56:08 Atheism
56:30 Banking
59:15 Siege Ram
65:46 Bracer
66:01 Leather Archer Armor
66:02 Chain Mail Armor
66:11 Ballistics
66:02 Clinker Construction
66:03 Careening
tomischmidd
0:59 Loom
15:10 Feudal Age
18:42 Horse Collar
19:19 Double-Bit Axe
21:36 Wheelbarrow
29:03 Castle Age
28:30 Town Watch
28:47 Fletching
29:46 Elite Skirmisher
31:03 Bodkin Arrow
31:09 Padded Archer Armor
34:04 Leather Archer Armor
44:47 Bow Saw
44:41 Gold Mining
49:45 Imperial Age
47:36 Hand Cart
48:37 Ballistics
49:15 Forging
50:51 Bracer
51:27 Iron Casting
51:55 Chemistry
51:30 Ring Archer Armor
51:08 Scale Barding Armor
53:32 Imperial Skirmisher
53:59 Elite Battle Elephant
54:53 Bloodlines
54:43 Husbandry
59:44 Paper Money
59:03 Capped Ram
60:53 Chain Barding Armor
Sir_HotBoi
1:39 Loom
11:40 Feudal Age
11:48 Feudal Age
14:51 Man-at-Arms
15:38 Padded Archer Armor
15:50 Forging
15:41 Fletching
17:45 Horse Collar
18:01 Gold Mining
17:59 Double-Bit Axe
24:21 Castle Age
23:04 Wheelbarrow
24:36 Castle Age
23:13 Wheelbarrow
26:15 Stone Mining
27:07 Gold Shaft Mining
28:10 Fervor
27:29 Crossbowman
28:32 Bow Saw
28:26 Heavy Plow
29:13 Elite Skirmisher
31:19 Hand Cart
30:52 Town Watch
31:47 Iron Casting
31:10 Bodkin Arrow
31:31 Leather Archer Armor
30:51 Long Swordsman
31:17 Arson
31:33 Squires
31:18 Gambesons
33:22 Town Patrol
37:09 Imperial Age
35:59 Treadmill Crane
36:42 Ballistics
36:38 Scale Barding Armor
38:20 Conscription
38:22 Yeomen
40:23 Two-Man Saw
39:53 Two-Handed Swordsman
41:39 Blast Furnace
40:41 Bracer
41:11 Ring Archer Armor
41:04 Chain Barding Armor
40:46 Scale Mail Armor
40:10 Arbalester
40:46 Elite Longbowman
41:44 Warwolf
42:29 Heavy Cavalry Archer
45:20 Hoardings
46:21 Light Cavalry
47:50 Husbandry
50:04 Chain Mail Armor
49:42 Arrowslits
50:31 Cavalier
50:42 Pikeman
55:25 Herbal Medicine
55:31 Devotion
GibranRakatiwing
2:23 Loom
10:53 Feudal Age
11:18 Horse Collar
12:30 Gold Mining
12:50 Double-Bit Axe
13:34 Stone Mining
17:47 Fletching
17:58 Padded Archer Armor
23:46 Arson
24:17 Forging
26:58 Castle Age
27:50 Crossbowman
29:55 Ballistics
29:53 Leather Archer Armor
29:34 Bodkin Arrow
30:19 Wheelbarrow
31:06 Thumb Ring
31:29 Heavy Plow
39:53 Imperial Age
41:05 Coinage
44:24 Conscription
44:16 Bracer
45:01 Ring Archer Armor
45:20 Hand Cart
47:36 Hul'che Javelineers
51:44 Chemistry
51:06 Bow Saw
50:34 Elite Skirmisher
52:05 Devotion
52:27 Sanctity
52:19 Fervor
52:31 Block Printing
52:56 Theocracy
52:34 Atonement
54:05 Elite Plumed Archer
56:10 Caravan
60:15 Eagle Warrior
61:01 Scale Mail Armor
61:37 Iron Casting
61:03 Elite Eagle Warrior
64:28 Blast Furnace
64:35 Holcans
64:39 Chain Mail Armor
65:25 Blast Furnace
65:52 Plate Mail Armor
Connection lost

Rejoining the realm…

Still unreachable

The connection could not be restored.

Session expired

The server has moved on; the page needs a fresh start.